 Dungeon Crawl Stone Soup version 0.31.0-9-g3a7656b989 (webtiles) character file.

Game seed: 15154856323081547577

457 qw the Skirmisher (level 6, -4/38 HPs)
             Began as a Deep Elf Hunter on Feb 2, 2024.
             Slain by Menkaure (12 damage)
             ... on level 5 of the Dungeon.
             The game lasted 00:00:13 (3186 turns).

qw the Skirmisher (Deep Elf Hunter)                 Turns: 3186, Time: 00:00:14

Health: -4/38      AC:  6    Str: 10    XL:     6   Next: 77%
Magic:  8/8        EV: 11    Int: 14    God:
Gold:   206        SH:  0    Dex: 18    Spells: 5/5 levels left

rFire   . . .        c - +0 arbalest
rCold   . . .        (shield currently unavailable)
rNeg    . . .        b - +0 ring mail
rPois   .            (no helmet)
rElec   .            h - +0 cloak
rCorr   .            (no gloves)
SInv    .            (no boots)
Will    +....        (no amulet)
Stlth   +            (no ring)
HPRegen 0.26/turn    (no ring)
MPRegen 0.11/turn

%: no passive effects
@: about to teleport
A: strong-willed 1, robust 1
a: no special abilities


You were on level 5 of the Dungeon.
You visited 1 branch of the dungeon, and saw 5 of its levels.

You collected 206 gold pieces.


Innate Abilities, Weirdness & Mutations

You are strong-willed. (Will+)
You are robust. (+10% HP)


   Skills:
 - Level 2.1 Fighting
 + Level 10.0 Ranged Weapons
 - Level 1.1 Armour
 - Level 3.1 Dodging
 - Level 1.2 Stealth


You had 5 spell levels left.
You didn't know any spells.
Your spell library was empty.

Inventory:

Hand Weapons
 c - a +0 arbalest (weapon)
Armour
 b - a +0 ring mail (worn)
 h - a +0 cloak (worn)
Jewellery
 l - an amulet of faith
Wands
 a - a wand of flame (26)
 m - a wand of iceblast (6)
Scrolls
 d - a scroll of identify
 e - 3 scrolls of teleportation
 n - a scroll of vulnerability {unknown}
Potions
 f - a potion of enlightenment
 g - a potion of resistance {unknown}
 i - a potion of haste {unknown}
 j - a potion of attraction {unknown}
 k - a potion of might {unknown}

Dungeon Overview and Level Annotations

Branches:
Dungeon (5/15)
 Temple: D:4-7

Altars:
Ru

Annotations:
D:3 Ijyb
D:5 Menkaure


Message History

An iguana comes into view.
Found a stone staircase leading down.
You shoot a bolt. The bolt hits the iguana!
The iguana is severely wounded.
You shoot a bolt. The bolt closely misses the iguana.
The iguana closely misses you.
You shoot a bolt. The bolt hits the iguana!
You kill the iguana!
Your Armour skill increases to level 1!
Found a stone staircase leading down.
There is an open door here.
There is a stone staircase leading down here.
There is a stone staircase leading down here.
You open the door.
There is an open door here.
Found a cloak.
Menkaure, Prince of Dust comes into view.
Found 6 stones.
Menkaure shouts!
You shoot a bolt. The bolt barely misses Menkaure.
Menkaure gestures at you while chanting.
You resist with some effort.
You shoot a bolt. The bolt hits Menkaure!
Menkaure is heavily damaged.
Menkaure calls on the powers of darkness!
Your body is wracked with pain!
You shoot a bolt. The bolt hits Menkaure.
Menkaure is severely damaged.
Menkaure grins.
Menkaure calls on the powers of darkness!
Your body is wracked with pain!
Menkaure calls on the powers of darkness!
Your body is wracked with pain!
3185 ||| READING 4 scrolls of teleportation.
As you read the scroll of teleportation, it crumbles to dust.
You feel strangely unstable.
You shoot a bolt. The bolt hits Menkaure.
Menkaure is severely damaged.
Menkaure barely misses you. Menkaure hits you!
You die...

#......# ######
#......# #....#
#......# #....#
+......## #....#
#........ #....#
.#######.. #....#
.......#.. #....#
.......'.. #.@..#
.......#.. #M##.#
.#######..
#.##.#########..###
.(#....#.........#.
...#....#.........#.
....#....'.....>...'.
......#######..###..##
....[.# #..###..##
...# #...#.>..#


You could see Menkaure.

Vanquished Creatures
  Blork the orc (D:4)
  A scorpion (D:4)
  A howler monkey (D:4)
  2 hounds (D:5)
  2 iguanas (D:5)
  A sleepcap (D:4)
  3 gnolls (D:5)
  4 adders
  2 ribbon worms (D:2)
  3 dart slugs
  2 orcs (D:4)
  8 ball pythons
  8 bats
  5 endoplasms
  6 giant cockroaches
  8 hobgoblins
  2 jackals (D:4)
  11 kobolds
  4 quokkas
  3 frilled lizards
  6 goblins
  3 rats
86 creatures vanquished.

Notes
Turn   | Place    | Note
-------+----------+-------------------------------------------
     0 | D:1      | qw the Deep Elf Hunter began the quest for the Orb.
     0 | D:1      | Reached XP level 1. HP: 12/12 MP: 3/3
     0 | D:1      | 0 ||| qw: Version: 0.3-a-155-g5e7d8dd
     0 | D:1      | 0 ||| qw: Game counter: 659
     0 | D:1      | 0 ||| qw: Melee chars always use a shield: true
     0 | D:1      | 0 ||| qw: God list: Okawaru
     0 | D:1      | 0 ||| qw: Allow faded altars: false
     0 | D:1      | 0 ||| qw: Do Orc after clearing Dungeon:15 true
     0 | D:1      | 0 ||| qw: Do second Lair branch before Depths: true
     0 | D:1      | 0 ||| qw: Lair rune preference: random
     0 | D:1      | 0 ||| qw: Goals: Normal
     0 | D:1      | 0 ||| PLANNING D:1-11
    47 | D:1      | HP: 2/12 [quokka (4)]
   122 | D:1      | Reached skill level 6 in Ranged Weapons
   122 | D:1      | Reached XP level 2. HP: 16/16 MP: 4/4
   646 | D:1      | 646 ||| READING scroll labelled WAHUYM DUAFF.
   651 | D:1      | 651 ||| DROPPING scroll of butterflies.
   685 | D:2      | Reached XP level 3. HP: 20/20 MP: 5/5
   812 | D:2      | Reached skill level 7 in Ranged Weapons
   969 | D:2      | Reached XP level 4. HP: 25/25 MP: 6/6
  1009 | D:2      | Identified the staff of Eqesias {^Drain rC+ Will++ Str+4
                  | Ice}
  1326 | D:2      | 1326 ||| UPGRADING to +0 cloak.
  1331 | D:2      | 1331 ||| DROPPING ring of wizardry.
  1332 | D:2      | 1332 ||| DROPPING ring of magical power.
  1333 | D:2      | 1333 ||| READING scroll labelled HAWUAS XAOQO.
  1334 | D:2      | 1334 ||| DRINKING 2 fuming silvery potions.
  1334 | D:2      | Gained mutation: You are frail. (-10% HP) [potion of
                  | mutation]
  1334 | D:2      | Gained mutation: Armour fits poorly on your strangely
                  | shaped body. [potion of mutation]
  1335 | D:2      | 1335 ||| DRINKING potion of mutation.
  1335 | D:2      | Lost mutation: You are frail. (-10% HP) [potion of
                  | mutation]
  1335 | D:2      | Lost mutation: Armour fits poorly on your strangely shaped
                  | body. [potion of mutation]
  1335 | D:2      | Gained mutation: You occasionally lose the ability to read
                  | scrolls when taking damage. [potion of mutation]
  1335 | D:2      | Gained mutation: Potions are less effective at restoring
                  | your health. [potion of mutation]
  1541 | D:3      | 1541 ||| FLEEEEING.
  1542 | D:3      | 1542 ||| FLEEEEING.
  1693 | D:3      | Reached skill level 8 in Ranged Weapons
  1928 | D:3      | Noticed Ijyb
  1932 | D:3      | 1932 ||| FLEEEEING.
  1933 | D:3      | 1933 ||| FLEEEEING.
  1934 | D:3      | 1934 ||| FLEEEEING.
  1935 | D:3      | 1935 ||| FLEEEEING.
  1936 | D:3      | 1936 ||| FLEEEEING.
  1937 | D:3      | 1937 ||| FLEEEEING.
  1938 | D:3      | 1938 ||| FLEEEEING.
  1939 | D:3      | 1939 ||| FLEEEEING.
  1940 | D:3      | 1940 ||| FLEEEEING.
  1941 | D:3      | 1941 ||| FLEEEEING.
  1942 | D:3      | 1942 ||| FLEEEEING.
  1943 | D:3      | 1943 ||| FLEEEEING.
  1944 | D:3      | 1944 ||| FLEEEEING.
  1945 | D:3      | 1945 ||| FLEEEEING.
  1946 | D:3      | 1946 ||| FLEEEEING.
  1947 | D:3      | 1947 ||| FLEEEEING.
  1948 | D:3      | 1948 ||| FLEEEEING.
  1949 | D:3      | 1949 ||| FLEEEEING.
  1950 | D:3      | 1950 ||| FLEEEEING.
  1951 | D:3      | 1951 ||| FLEEEEING.
  1952 | D:3      | 1952 ||| FLEEEEING.
  1953 | D:3      | 1953 ||| FLEEEEING.
  1954 | D:3      | 1954 ||| FLEEEEING.
  1955 | D:3      | 1955 ||| FLEEEEING.
  1956 | D:3      | 1956 ||| FLEEEEING.
  1957 | D:3      | 1957 ||| FLEEEEING.
  1958 | D:3      | 1958 ||| FLEEEEING.
  1959 | D:3      | 1959 ||| FLEEEEING.
  1960 | D:3      | 1960 ||| FLEEEEING.
  1961 | D:3      | 1961 ||| FLEEEEING.
  1962 | D:3      | 1962 ||| FLEEEEING.
  1963 | D:3      | 1963 ||| FLEEEEING.
  1964 | D:3      | 1964 ||| FLEEEEING.
  1965 | D:3      | 1965 ||| FLEEEEING.
  1966 | D:3      | 1966 ||| FLEEEEING.
  1967 | D:3      | 1967 ||| FLEEEEING.
  1968 | D:3      | 1968 ||| FLEEEEING.
  1969 | D:3      | 1969 ||| FLEEEEING.
  1970 | D:3      | 1970 ||| FLEEEEING.
  1971 | D:3      | 1971 ||| FLEEEEING.
  1972 | D:3      | 1972 ||| FLEEEEING.
  1973 | D:3      | 1973 ||| FLEEEEING.
  1974 | D:3      | 1974 ||| FLEEEEING.
  1975 | D:3      | 1975 ||| FLEEEEING.
  1976 | D:3      | 1976 ||| STAIRDANCE
  1978 | D:2      | 1978 ||| FLEEEEING.
  1979 | D:2      | 1979 ||| FLEEEEING.
  1980 | D:2      | 1980 ||| FLEEEEING.
  1981 | D:2      | 1981 ||| FLEEEEING.
  1982 | D:2      | 1982 ||| FLEEEEING.
  1983 | D:2      | 1983 ||| FLEEEEING.
  1984 | D:2      | 1984 ||| FLEEEEING.
  1985 | D:2      | 1985 ||| FLEEEEING.
  1986 | D:2      | 1986 ||| UPGRADING to +0 ring mail.
  1996 | D:2      | 1996 ||| DROPPING +0 leather armour.
  1997 | D:2      | 1997 ||| READING scroll labelled VERINA UJUED.
  1997 | D:2      | 1997 ||| IDENTIFYING clear potion
  2222 | D:3      | 2222 ||| READING scroll labelled JEMAST LEONTA.
  2240 | D:4      | 2240 ||| PLANNING OSSUARY
  2314 | D:4      | Found a sacrificial altar of Ru.
  2390 | D:4      | 2390 ||| SWAPPING to +0 arbalest.
  2391 | D:4      | 2391 ||| DROPPING +0 shortbow.
  2405 | D:4      | Noticed Blork the orc
  2406 | D:4      | Noticed a scorpion
  2408 | D:4      | Killed a scorpion
  2409 | D:4      | Reached XP level 5. HP: 29/29 MP: 7/7
  2414 | D:4      | Killed Blork the orc
  2415 | D:4      | Reached skill level 9 in Ranged Weapons
  2506 | D:4      | Reached XP level 6. HP: 35/35 MP: 8/8
  2642 | D:4      | 2642 ||| DRINKING potion of mutation.
  2642 | D:4      | Lost mutation: You occasionally lose the ability to read
                  | scrolls when taking damage. [potion of mutation]
  2642 | D:4      | Lost mutation: Potions are less effective at restoring your
                  | health. [potion of mutation]
  2642 | D:4      | Gained mutation: You are strong-willed. (Will+) [potion of
                  | mutation]
  2642 | D:4      | Gained mutation: You are robust. (+10% HP) [potion of
                  | mutation]
  2827 | D:4      | 2827 ||| RIP OSSUARY
  2830 | D:4      | 2830 ||| PLANNING D:1-11
  2947 | D:4      | 2947 ||| READING scroll labelled LIJOOS MYFFETO.
  2948 | D:4      | 2948 ||| READING scroll labelled NAREUPP LINN.
  2992 | D:5      | Entered Level 5 of the Dungeon
  3018 | D:5      | Reached skill level 10 in Ranged Weapons
  3051 | D:5      | Reached skill level 3 in Dodging
  3158 | D:5      | Reached skill level 1 in Armour
  3181 | D:5      | Noticed Menkaure
  3184 | D:5      | HP: 7/38 [??? (4)]
  3185 | D:5      | 3185 ||| READING 4 scrolls of teleportation.
  3186 | D:5      | Slain by Menkaure

Levels and vault maps discovered:
D:1:      eino_arrival_tree_alley, layout_loops_cross
D:2:      kennysheep_big_flooded_room, layout_loops_ring, grunt_ministairs_14
D:3:      layout_basic, nicolae_figureground_pulse, uniq_ijyb
D:4:      layout_basic, mainiacjoe_overflow_paths,
          lightli_ossuary_entry_decrepit_ruins, kennysheep_generic_room_9,
          uniq_blork_the_orc
D:5:      layout_gridville, nicolae_ashenzari_panopticon, fiery_altar_vehumet,
          uniq_menkaure

Skill      XL: |  1  2  3  4  5  6 |
---------------+-------------------+-----
Ranged Weapons | 6 7 8 9 10 | 10.0
Fighting       | 2 |  2.1
Dodging        | 3 |  3.1
Armour         | 1 |  1.1
Stealth        | |  1.2

Action                     |  1- 3 |  4- 6 || total
---------------------------+-------+-------++-------
   Fire: Shortbow          |   101 |    92 ||   193
         Arbalest          |       |    60 ||    60
    Use: Scroll            |     1 |     6 ||     7
         Potion            |       |     3 ||     3
 Armour: Leather armour    |    16 |    10 ||    26
         Ring mail         |       |    24 ||    24
  Dodge: Dodged            |    29 |    33 ||    62

Table legend:
 A = Non-vault XP
 B = Vault XP
 C = Vault XP percentage of total XP
 D = Non-vault monster count
 E = Vault monster count
 F = Vault count percentage of total count
                 A         B        C        D         E       F
            +---------+---------+-------+---------+---------+-------
      Total |     549 |     105 |  16.1 |      79 |       7 |   8.1
            +---------+---------+-------+---------+---------+-------
        D:1 |      38 |       0 |   0.0 |      21 |       0 |   0.0
        D:2 |      69 |      10 |  12.7 |      17 |       4 |  19.0
        D:3 |      36 |       0 |   0.0 |      15 |       0 |   0.0
        D:4 |     202 |      95 |  32.0 |      19 |       3 |  13.6
        D:5 |     204 |       0 |   0.0 |       7 |       0 |   0.0
            +---------+---------+-------+---------+---------+-------
